 Dungeon Crawl Stone Soup version 0.30.0 (webtiles) character file.

Game seed: 7063647116927182754

1 uncreativemoon the Caller (level 1, -1/13 HPs)
             Began as a Merfolk Summoner on Oct 14, 2023.
             Slain by a rat (3 damage)
             ... on level 1 of the Dungeon.
             The game lasted 00:00:56 (211 turns).

uncreativemoon the Caller (Merfolk Summoner)         Turns: 211, Time: 00:00:57

Health: -1/13      AC:  2    Str:  8    XL:     1   Next: 20%
Magic:  3/3        EV: 12    Int: 14    God:
Gold:   5          SH:  0    Dex: 14    Spells: 3/4 levels left

rFire   . . .        (no weapon)
rCold   . . .        (no shield)
rNeg    . . .        a - +0 robe
rPois   .            (no helmet)
rElec   .            (no cloak)
rCorr   .            (no gloves)
SInv    .            (no boots)
Will    .....        (no amulet)
Stlth   ++           (no ring)
HPRegen 0.22/turn    (no ring)
MPRegen 0.08/turn

%: no passive effects
@: no status effects
A: (nimble swimmer 2), mertail
a: no special abilities


You were on level 1 of the Dungeon.
You visited 1 branch of the dungeon, and saw 1 of its levels.

You collected 5 gold pieces.

Inventory:

Armour
 a - a +0 robe (worn)
Potions
 b - 2 potions of magic


   Skills:
 + Level 2.6 Dodging
 + Level 2.1 Stealth
 + Level 2.0 Spellcasting
 + Level 4.0 Summonings


You had 3 spell levels left.
You knew the following spells:

 Your Spells              Type           Power      Damage    Failure   Level
a - Summon Small Mammal   Summ           48%        N/A       4%          1

Your spell library contained the following spells:

 Spells                   Type           Power      Damage    Failure   Level
 Call Imp                 Summ           24%        N/A       7%          2
 Call Canine Familiar     Summ           12%        N/A       14%         3
 Summon Guardian Golem    Hex/Summ       7%         N/A       30%         3
 Summon Lightning Spire   Summ/Air       7%         N/A       71%         4


Dungeon Overview and Level Annotations

Branches:
Dungeon (1/15)

Altars:


Innate Abilities, Weirdness & Mutations

((You are very nimble when in or above water. (Stealth+, EV+, Speed+++)))
Your lower body shifts to a powerful aquatic tail in water.


Message History

The bat hits you but does no damage. The kobold closely misses you.
The hobgoblin completely misses you.
Found a hand axe.
Found 13 gold pieces.
The kobold barely misses you. The bat barely misses you.
There is an open door here.
The bat barely misses you.
A rat comes into view.
The bat barely misses you. The rat completely misses you. The rat bites you.
The rat barely misses you. The rat attacks as you move away!
The rat barely misses you. The bat barely misses you.
The bat hits you but does no damage.
The rat twitches its whiskers.
A goblin comes into view. It is wielding a +0 club.
The bat closely misses you. The bat hits you but does no damage.
A rat comes into view.
The bat barely misses you. The bat closely misses you.
The bat attacks as you move away! The bat closely misses you.
The goblin shouts!
The bat hits you but does no damage. The goblin closely misses you.
The bat misses you.
You closely miss the goblin. The bat hits you but does no damage.
The goblin hits you but does no damage. The bat barely misses you.
You hit the goblin.
The goblin is heavily wounded.
The bat hits you but does no damage. The goblin hits you but does no damage.
The rat barely misses you.
You hit the rat.
The rat is heavily wounded.
The bat barely misses you. The rat misses you. The rat barely misses you.
The hobgoblin hits you. The goblin hits you with a +0 club.
You hit the rat.
You kill the rat!
The goblin hits you with a +0 club.
* * * LOW HITPOINT WARNING * * *
The rat bites you.
You die...

...#..#.#........
.
.#......###......
. ...............
...............
..#............
..#............
#...K........
###...Krg....##
#.....b@.....#
..#....g.....#
.............#
###.##.#####..#
#. #. #.. # ## .#


You could see a hobgoblin, a goblin, a bat, 2 kobolds and a rat.

Vanquished Creatures
  A bat (D:1)
  A frilled lizard (D:1)
  A rat (D:1)
3 creatures vanquished.

Notes
Turn   | Place    | Note
-------+----------+-------------------------------------------
     0 | D:1      | uncreativemoon the Merfolk Summoner began the quest for the
                  | Orb.
     0 | D:1      | Reached XP level 1. HP: 13/13 MP: 3/3
   211 | D:1      | Slain by a rat

Illustrated notes

Levels and vault maps discovered:
D:1:      mushboom_english_gardens, layout_rooms, minmay_ruptured

Action                     || total
---------------------------++-------
  Melee: Unarmed           ||    17
   Stab: Sleeping          ||     1
 Armour: Robe              ||    16
  Dodge: Dodged            ||    55
